 Dungeon Crawl Stone Soup version 0.18-a0-1542-g9c1a92e (webtiles) character file.

861 Ijustatesigmund the Insei (level 8, -7/54 HPs)
             Began as an Octopode Transmuter on Mar 10, 2016.
             Was an Initiate of Cheibriados.
             Mangled by a gnoll shaman
             ... wielding a +0 whip
              (14 damage)
             ... on level 6 of the Dungeon.
             The game lasted 00:10:29 (5839 turns).

Ijustatesigmund the Insei (Octopode Transmuter)     Turns: 5839, Time: 00:10:29

Health: -7/54      AC:  2    Str: 10    XL:     8   Next: 2%
Magic:  8/11       EV: 20    Int: 18    God:    Cheibriados [......]
Gold:   166        SH:  0    Dex: 19    Spells: 3 memorised, 5 levels left

rFire  . . .     SeeInvis .       - Unarmed
rCold  . . .     Gourm    .     (shield currently unavailable)
rNeg   . . .     Faith    .     (helmet currently unavailable)
rPois  x         Spirit   .     (no amulet)
rElec  .         Dismiss  .     (no ring)
rCorr  .         Reflect  .     (no ring)
SustAt .         Harm     .     (no ring)
MR     .....                    (no ring)
Stlth  ++........               (no ring)
                                (no ring)
                                (no ring)
                                (no ring)

@: spider-form, very slow, not resistant to hostile enchantments, unstealthy
A: almost no armour, (amphibious), 8 rings, (constrict 8), (camouflage 0),
(gelatinous body 0)
a: End Transformation, Bend Time, Renounce Religion


You were on level 6 of the Dungeon.
You worshipped Cheibriados.
Cheibriados was noncommittal.
You were not hungry.
You were a venomous arachnid creature.
You visited 2 branches of the dungeon, and saw 7 of its levels.

You collected 166 gold pieces.

Inventory:

Missiles
 a - 42 arrows
 k - 7 tomahawks (quivered)
Wands
 p - a wand of digging (11/24)
Scrolls
 f - a scroll of magic mapping
 g - a scroll of fog
 l - 3 scrolls of amnesia
 m - 3 scrolls of remove curse
 o - a scroll of enchant weapon
Potions
 d - a potion of brilliance
 e - a potion of curing
 h - a potion of agility
 i - a potion of mutation {unknown}
 n - a potion of lignification {unknown}
 r - a potion of magic {unknown}
 s - a potion of ambrosia {unknown}
Books
 b - a book of Changes

   Spells                             Type                      Level
   a - Beastly Appendage              Transmutation                1
   b - Sticks to Snakes               Transmutation                2
   c - Spider Form                    Transmutation/Poison         3
   d - Ice Form                       Ice/Transmutation            4
   e - Blade Hands                    Transmutation                5
Comestibles
 c - 2 bread rations
 j - 3 meat rations


   Skills:
 + Level 4.7 Fighting
 - Level 2.0 Dodging
 + Level 5.6 Unarmed Combat
 - Level 2.0 Spellcasting
 + Level 4.6 Transmutations
 - Level 3.3 Poison Magic
 + Level 1.5 Invocations


You had 5 spell levels left.
You knew the following spells:

 Your Spells              Type           Power        Failure   Level  Hunger
a - Beastly Appendage     Trmt           ###...       10%         1    #......
b - Sticks to Snakes      Trmt           ###.....     14%         2    ###....
c - Spider Form           Trmt/Pois      ###.......   28%         3    ###....


Dungeon Overview and Level Annotations

Branches:
Dungeon (6/15)             Temple (1/1) D:5

Altars:
Ashenzari
Cheibriados
Elyvilon
Fedhas
Gozag
Kikubaaqudgha
Makhleb
Nemelex Xobeh
Okawaru
Pakellas
Qazlal
Sif Muna
Trog
Xom
Yredelemnul
Zin
The Shining One

Shops:
D:5 (


Innate Abilities, Weirdness & Mutations

You cannot wear most types of armour.
((You are amphibious.))
You can wear up to eight rings at the same time.
((You can use your tentacles to constrict eight enemies at once.))
((Your skin changes colour to match your surroundings (Stealth).))
((Your rubbery body absorbs attacks (AC +1).))


Message History

You start resting.
Magic restored.
You start resting.
A gnoll shaman comes into view. It is wielding a whip.
Casting: Spider Form
Confirm with . or Enter, or press ? or * to list all spells.
You turn into a venomous arachnid creature.
The gnoll shaman shouts!
The gnoll shaman hits you with a whip.
* * * LOW HITPOINT WARNING * * *
You hit the gnoll shaman.
The gnoll shaman is moderately wounded.
The gnoll shaman completely misses you.
You barely miss the gnoll shaman.
The gnoll shaman is moderately wounded.
The gnoll shaman completely misses you.
You barely miss the gnoll shaman.
The gnoll shaman is moderately wounded.
The gnoll shaman hits you with a whip!
You die...

.................#
######...###.##..#
#...# #.....# #...#
####.## #...# ..
#...# ## #...#
#.#########
#.##...gs.#
#.##)####†#
#.##.####)##
.###.#.##(†....)..#
#...........#.#.##.#
#.##..#.#.....#.# #
#..#.#.......# ...
#.(.####### .##.
##..#


You could see a gnoll shaman.

Vanquished Creatures
  An ogre (D:4)
  2 centaurs
  Blork the orc (D:5)
  A crimson imp (D:5)
  3 hounds
  A quasit (D:5)
  A giant frog skeleton (D:4)
  A gnoll shaman (D:4)
  An iguana (D:4)
  A worker ant (D:4)
  A killer bee zombie (D:5)
  11 gnolls
  7 adders
  An ooze (D:4)
  3 worms
  An adder skeleton (D:6)
  A dart slug (D:1)
  2 giant geckos
  4 orcs (D:5)
  6 bats
  5 giant cockroaches
  3 goblins (D:2)
  9 hobgoblins
  7 jackals
  8 kobolds
  3 ball pythons
  A giant newt (D:3)
  A jackal skeleton (D:5)
  8 rats
95 creatures vanquished.

Notes
Turn   | Place    | Note
--------------------------------------------------------------
     0 | D:1      | Ijustatesigmund the Octopode Transmuter began the quest for the Orb.
     0 | D:1      | Reached XP level 1. HP: 13/13 MP: 3/3
   211 | D:1      | Reached XP level 2. HP: 15/18 MP: 5/5
   215 | D:1      | Learned a level 2 spell: Sticks to Snakes
   988 | D:1      | Reached XP level 3. HP: 24/24 MP: 6/6
   996 | D:1      | Learned a level 3 spell: Spider Form
  2003 | D:2      | Found a glowing golden altar of the Shining One.
  2008 | D:2      | Found a basalt altar of Yredelemnul.
  2010 | D:2      | Noticed a profane servitor
  2098 | D:2      | Noticed an angel
  2200 | D:3      | Reached XP level 4. HP: 30/30 MP: 5/7
  2383 | D:3      | Found a shimmering altar of Xom.
  2649 | D:3      | Reached skill level 1 in Poison Magic
  2694 | D:3      | Found an iron altar of Okawaru.
  2917 | D:4      | Noticed an ogre
  2929 | D:4      | Killed an ogre
  2929 | D:4      | Reached skill level 4 in Unarmed Combat
  2929 | D:4      | Reached XP level 5. HP: 16/36 MP: 2/8
  3259 | D:4      | Noticed a centaur
  3269 | D:4      | Killed a centaur
  3269 | D:4      | Reached XP level 6. HP: 14/42 MP: 6/9
  3853 | D:4      | Reached XP level 7. HP: 39/47 MP: 10/10
  4175 | D:4      | Reached skill level 5 in Unarmed Combat
  4358 | D:5      | Entered Level 5 of the Dungeon
  4460 | D:5      | Noticed Blork the orc
  4474 | D:5      | Killed Blork the orc
  4805 | D:5      | Found Taevvix's Antique Weapon Shop.
  4999 | D:5      | Found a staircase to the Ecumenical Temple.
  5009 | Temple   | Entered the Ecumenical Temple
  5016 | Temple   | Became a worshipper of Cheibriados the Contemplative
  5537 | D:6      | HP: 1/49 [centaur (10)]
  5540 | D:6      | Reached skill level 1 in Invocations
  5798 | D:6      | Reached XP level 8. HP: 19/54 MP: 7/11
  5839 | D:6      | Mangled by a gnoll shaman

Vault maps used:
D:1:      matt_arrival_grand_opening
D:2:      grunt_temple_overflow_holy_war, grunt_ministairs_2
D:3:      lemuel_coloured_pillars_altar, marbit_many_paths, first_bread
D:5:      temple_pool_b, serial_shops, kennysheep_mini_moat, uniq_blork_the_orc
D:6:      kennysheep_mini, serial_shops, shop
Temple:   circular_temple_13

Skill      XL: |  1  2  3  4  5  6  7 |
---------------+----------------------+-----
Fighting       | 2 3 4 |  4.7
Poison Magic   | 2 3 |  3.3
Unarmed Combat | 4 5 |  5.6
Transmutations | 3 4 |  4.6
Invocations    | 1 |  1.5
Dodging        | |  2.0
Spellcasting   | |  2.0

Action                   |  1- 3 |  4- 6 |  7- 9 || total
-------------------------+-------+-------+-------++-------
Melee: Unarmed           |    90 |    87 |   113 ||   290
 Cast: Beastly Appendage |     5 |     3 |     2 ||    10
       Spider Form       |     1 |     5 |     8 ||    14
  Use: Scroll            |     7 |     2 |     2 ||    11
       Potion            |       |     1 |     1 ||     2
 Stab: Sleeping          |    10 |     1 |     2 ||    13
  Eat: Chunk             |     4 |     6 |     4 ||    14
       Bread ration      |       |       |     1 ||     1
